Cogmind - Beta 16.1 @@@ ROGUE MODE // 2026.06.22 @ 17:36:30 Player: Lolterzard Result: Destroyed by G-50 Soldier with Heavy Laser Performance ------------- Evolutions (4) 2000 Regions Visited (5) 1000 Robots Destroyed (36) 180 Value Destroyed (928) 928 Prototype IDs (0) 0 Alien Tech Used (0) 0 Bonus (786) 786 TOTAL SCORE: 4894 Bonus ------- Registered with UFD 300 Met Optimus in HQ 500 Friendly Fire -14 Cogmind --------- Core Integrity 0/850 Matter 54/300 Energy 100/100 System Corruption 1% Temperature Cool (9) Movement Core (1350) Ox26 Location -6/Factory Parts ------- > --- POWER (2) -------- (None) > --- PROPULSION (6) --- (None) > --- UTILITY (4) ------ Huge Storage Unit Signal Interpreter > --- WEAPON (3) ------- (None) > --- INVENTORY (25) --- Angular Momentum Engine Advanced Heat Sink Advanced Heat Sink High-capacity Storage Unit Makeshift System Shield Light Cannon Light Cannon Light Cannon Improved Grenade Launcher Peak State ------------ > --- POWER ------------ Improved Deuterium Engine Angular Momentum Engine > --- PROPULSION ------- Carbon-fiber Leg Carbon-fiber Leg Carbon-fiber Leg Carbon-fiber Leg Carbon-fiber Leg Flexi-carbon Leg > --- UTILITY ---------- Huge Storage Unit Signal Interpreter Light Armor Plating > --- WEAPON ----------- Assault Rifle Shotgun Battle Rifle > --- INVENTORY -------- Angular Momentum Engine Advanced Heat Sink Advanced Heat Sink High-capacity Storage Unit Makeshift System Shield Assault Rifle Assault Rifle Heavy Machine Gun Light Cannon Light Cannon Light Cannon Improved Grenade Launcher [Rating: 40] Favorites ----------- Power Light Ion Engine Engine Light Ion Engine Propulsion Light Treads Treads Light Treads Leg Carbon-fiber Leg Utility Signal Interpreter Device Seismic Detector Storage High-capacity Storage Unit Processor Signal Interpreter Protection Light Armor Plating Weapon Assault Rifle Energy Gun Medium Laser Ballistic Gun Assault Rifle Build | -11 -10 -10 -10 -9 -6 ------- Run | Yrd Mat Min Sub Scr Fac Slots Evolved 8 | . . . . . 8 Power 1 | . . . . . 1 Propulsion 4 | . . . . . 4 Utility 2 | . . . . . 2 Weapon 1 | . . . . . 1 Parts Attached 40 | 8 12 . . . 20 Power 4 | 1 1 . . . 2 Engine 4 | 1 1 . . . 2 Core . | . . . . . . Reactor . | . . . . . . Propulsion 10 | 2 2 . . . 6 Treads 4 | 2 2 . . . . Leg 6 | . . . . . 6 Wheel . | . . . . . . Hover . | . . . . . . Flight . | . . . . . . Utility 9 | 2 5 . . . 2 Device 2 | 1 1 . . . . Storage 4 | 1 3 . . . . Processor 1 | . 1 . . . . Hackware . | . . . . . . Protection 2 | . . . . . 2 Artifact . | . . . . . . Weapon 17 | 3 4 . . . 10 Energy Gun 1 | 1 . . . . . Energy Cannon . | . . . . . . Ballistic Gun 16 | 2 4 . . . 10 Ballistic Cannon . | . . . . . . Launcher . | . . . . . . Special Weapon . | . . . . . . Impact Weapon . | . . . . . . Slashing Weapon . | . . . . . . Piercing Weapon . | . . . . . . Special Melee Weapon . | . . . . . . Unidentified Prototypes . | . . . . . . Parts Lost 32 | . 6 . . . 26 Power 4 | . 1 . . . 3 Propulsion 10 | . 2 . . . 8 Utility 4 | . 1 . . . 3 Weapon 14 | . 2 . . . 12 Highest Loss Streak 15 | . 4 . . . 15 To Critical Strikes 2 | . . . . . 2 Average Backups 15 | 3 12 16 16 19 13 Power 1 | . 1 1 1 1 1 Propulsion 1 | 1 3 2 2 . . Utility 4 | . 4 5 5 5 4 Weapon 7 | . 3 8 8 10 8 Tool/Special . | . . . . . . Unused Backups 18 | . . . . 10 8 Power 2 | . . . . 1 1 Propulsion 2 | . . . . 2 . Utility 7 | . . . . 4 3 Weapon 7 | . . . . 3 4 Tool/Special . | . . . . . . Average Slot Usage (%) 93 | . 94 100 100 100 71 Engine 12 | . 13 14 14 14 5 Treads 23 | . 27 28 28 28 2 Leg 3 | . . . . . 23 Device 2 | . 7 . . . . Storage 12 | . 14 14 14 14 6 Processor 9 | . 3 14 14 14 6 Protection 1 | . . . . . 6 Ballistic Gun 26 | . 27 28 28 28 19 Peak Build Rating 40 | 7 9 9 9 13 40 Average Rating 11 | 5 7 9 9 10 25 On Entrance 7 | . 7 9 9 9 11 Avg Prop Armor Cover (%) 30 | 30 . . . . . Naked Turns . | . . . . . . Heaviest Build 113 | 13 86 47 47 87 113 Greatest Support 95 | 40 40 40 40 40 95 Greatest Overweight (x) 29 | 2 2 1 1 2 29 Average Overweight (x) 1 | . . 1 1 1 1 Largest Inventory Capacity 25 | 8 25 20 20 25 25 Average Capacity 20 | 5 18 20 20 22 25 Most Carried 24 | 5 18 16 18 24 21 Average Carried 16 | 3 12 16 16 19 14 Final Capacity 25 | 8 20 20 20 25 25 Final Carried 21 | 4 16 16 18 21 9 Class Distribution -------------------- 85% | Mutant 9% | Scavenger-Tank 3% | Gunner Dominant Class ---------------- Mutant | -10/Materials Mutant | -10/Mines Mutant | -10/Subcaves Mutant | -9/Scraptown Scavenger-Tank | -6/Factory Resources | -11 -10 -10 -10 -9 -6 ----------- Run | Yrd Mat Min Sub Scr Fac Matter Collected 1140 | 300 345 37 46 16 396 Remotely 155 | . . . . . 155 Salvage Created 1284 | 144 604 37 . . 499 Parts 64 | 6 33 5 . . 20 Haulers Intercepted 1 | . 1 . . . . Recyclers Shooed . | . . . . . . Parts Field Recycled . | . . . . . . Retrieved Matter . | . . . . . . Parts Self-Destructed . | . . . . . . Prevented . | . . . . . . Parts Restored . | . . . . . . Kills | -11 -10 -10 -10 -9 -6 ------- Run | Yrd Mat Min Sub Scr Fac Combat Hostiles Destroyed 25 | . 13 3 . . 9 Guns 25 | . 13 3 . . 9 Classes Destroyed 10 | 2 5 . . . 3 Worker 1 | . . . . . 1 Tunneler 2 | 2 . . . . . Hauler 1 | . 1 . . . . Recycler 3 | 1 2 . . . . Mechanic 1 | . 1 . . . . Operator 1 | . . . . . 1 Watcher 2 | . 2 . . . . Swarmer 9 | . 6 3 . . . Grunt 15 | . 7 . . . 8 Hunter 1 | . . . . . 1 Best Kill Streak 4 | 2 3 3 . . 4 Combat Bots Only 4 | . 3 3 . . 4 Max Kills in Single Turn 1 | 1 1 1 . . 1 Gunslinging . | . . . . . . Exploded . | . . . . . . Melee . | . . . . . . Uniques/NPCs Destroyed . | . . . . . . Combat | -11 -10 -10 -10 -9 -6 -------- Run | Yrd Mat Min Sub Scr Fac Hostile Shots Fired 384 | . 116 13 . . 255 Missed 72 | . 23 4 . . 45 Hits 312 | . 93 9 . . 210 Projectile 312 | . 93 9 . . 210 Critical Strikes 7 | . . . . . 7 Damage Taken 4583 | . 966 77 . . 3540 Core 1035 | . 168 6 . . 861 Absorbed by Shields . | . . . . . . Regen/Repaired (Parts) 86 | . 86 . . . . Core Remaining (%) 65 | 100 . . . 30 . Volleys Fired 153 | 10 82 6 . . 55 Largest 3 | 2 2 2 . . 3 Hottest 70 | 40 40 40 . . 70 Shots Fired 324 | 20 135 12 . 1 156 Gun 324 | 20 135 12 . 1 156 Cannon . | . . . . . . Launcher . | . . . . . . Special . | . . . . . . Kinetic 324 | 20 135 12 . 1 156 Thermal . | . . . . . . Explosive . | . . . . . . Electromagnetic . | . . . . . . Robot Hit Streak 15 | 4 15 3 . 4 14 Robot Miss Streak 6 | 3 4 3 . . 6 Penetration Max . | . . . . . . Secondary Targets 6 | . 1 . . . 5 Max Gunslinging Chain 1 | . 1 . . . 1 Shots Hit Robots 219 | 11 84 6 . 1 117 Core Hits 93 | 6 32 3 . . 52 Critical Kills . | . . . . . . Critical Parts Destroyed 4 | 1 1 . . . 2 Critical Strikes 4 | 1 1 . . . 2 Destroy 4 | 1 1 . . . 2 Melee Attacks . | . . . . . . Impact . | . . . . . . Slashing . | . . . . . . Piercing . | . . . . . . Sneak Attacks . | . . . . . . Combat Hostiles . | . . . . . . Follow-up Attacks . | . . . . . . Damage Inflicted 2769 | 88 953 71 . 14 1643 Guns 2726 | 88 910 71 . 14 1643 Cannons . | . . . . . . Explosions . | . . . . . . Melee . | . . . . . . Ramming 43 | . 43 . . . . Kinetic 2726 | 88 910 71 . 14 1643 Thermal . | . . . . . . Explosive . | . . . . . . Electromagnetic . | . . . . . . Impact . | . . . . . . Slashing . | . . . . . . Piercing . | . . . . . . Highest Corruption 1 | . 1 1 1 1 1 Average Corruption 1 | . 1 1 1 1 1 Corruption Purged . | . . . . . . Corruption Blocked . | . . . . . . Effects 20 | . 3 . 2 15 . Message Errors 7 | . 1 . 1 5 . Matter Fused 3 | . 2 . . 1 . Heat Flow Errors 2 | . . . . 2 . Energy Discharges 2 | . . . . 2 . Parts Fused 1 | . . . . 1 . Data Loss (minor) 2 | . . . . 2 . Data Loss (major) 2 | . . . 1 1 . Misfires 1 | . . . . 1 . Overload Shots . | . . . . . . Overflow Damage . | . . . . . . Projectiles . | . . . . . . Explosions . | . . . . . . Melee . | . . . . . . Knockbacks 1 | . 1 . . . . Impact 1 | . 1 . . . . Kinetic . | . . . . . . Secondary . | . . . . . . Self-Inflicted Damage . | . . . . . . Shots . | . . . . . . Rammed 10 | . 9 . . . 1 Targets Rammed 12 | . 11 . . . 1 Kicked . | . . . . . . Crushed 2 | . 2 . . . . Highest Temperature 211 | . 5 . . 211 135 Average Temperature 45 | . 2 . . 98 49 Received Heat Transfer 1398 | . 438 . . . 960 Siege Activations . | . . . . . . Martial Activations . | . . . . . . Shielding Activations . | . . . . . . Robots Disrupted . | . . . . . . Combat Hostiles . | . . . . . . Robots Corrupted . | . . . . . . Combat Hostiles . | . . . . . . Parts Fried . | . . . . . . Impact Corruptions . | . . . . . . Robots Melted . | . . . . . . Combat Hostiles . | . . . . . . Parts Melted 1 | . . . . . 1 Heat Transferred . | . . . . . . Parts Sabotaged . | . . . . . . Parts Stolen . | . . . . . . Parts Stripped . | . . . . . . Power Chain Reactions . | . . . . . . Alert | -11 -10 -10 -10 -9 -6 ------- Run | Yrd Mat Min Sub Scr Fac Maximum Alert Level . | . . . . . . Low Security (%) 100 | 100 100 100 . . 100 Level 1 . | . . . . . . Level 2 . | . . . . . . Level 3 . | . . . . . . Level 4 . | . . . . . . Level 5 . | . . . . . . High Security . | . . . . . . Max Security . | . . . . . . Peak Influence 84 | 5 84 70 . . 40 Initial . | . . . . . . Average 15 | . 19 42 . . 7 Influence Increases 675 | 15 360 70 . . 230 Destroy 0b10 Robot/C 500 | . 260 60 . . 180 Destroy 0b10 Robot/NC 55 | 15 30 . . . 10 Destroy Leader 106 | . 56 10 . . 40 Successful Hack 14 | . 14 . . . . Influence Decreases 675 | 15 360 50 20 . 230 Entered New Map 11 | . . . 11 . . Time Decay 492 | 15 290 50 9 . 128 Lost Part 134 | . 32 . . . 102 Purge Threat 38 | . 38 . . . . Squads Dispatched 7 | . 3 . . . 4 Investigation 4 | . 2 . . . 2 Extermination 1 | . . . . . 1 Reinforcement 2 | . 1 . . . 1 Assault . | . . . . . . Garrison . | . . . . . . Intercept . | . . . . . . Searches Triggered . | . . . . . . Construction Impeded . | . . . . . . Haulers Reinforced . | . . . . . . Active Scanning Responses . | . . . . . . Cargo Convoy Interrupts . | . . . . . . Stealth | -11 -10 -10 -10 -9 -6 --------- Run | Yrd Mat Min Sub Scr Fac Distress Signals 1 | . 1 . . . . Communications Jammed . | . . . . . . Distress Signals . | . . . . . . Times Spotted 47 | . 27 3 . . 17 Peak Tracking Total 5 | . 5 3 . . 4 Tactical Retreats . | . . . . . . Traps | -11 -10 -10 -10 -9 -6 ------- Run | Yrd Mat Min Sub Scr Fac Traps Triggered . | . . . . . . Indirectly . | . . . . . . Trap Hack Attempts . | . . . . . . Triggered . | . . . . . . Disarmed . | . . . . . . Reprogrammed 4 | . 4 . . . . Reused . | . . . . . . Traps Extracted . | . . . . . . Installed . | . . . . . . Triggered . | . . . . . . Machines | -11 -10 -10 -10 -9 -6 ---------- Run | Yrd Mat Min Sub Scr Fac Machines Disabled . | . . . . . . Max in Single Turn . | . . . . . . Machines Repaired . | . . . . . . Machines Dismantled . | . . . . . . Machines Sabotaged . | . . . . . . Overloaded Fab Kills . | . . . . . . Hacking | -11 -10 -10 -10 -9 -6 --------- Run | Yrd Mat Min Sub Scr Fac Machines Accessed 13 | . 7 . . 3 3 Terminals 8 | . 6 . . . 2 Fabricators . | . . . . . . Repair Stations 1 | . 1 . . . . Recycling Units 1 | . . . . . 1 Scanalyzers . | . . . . . . Garrison Access . | . . . . . . Total Hacks 48 | . 16 . . 25 7 Successful 37 | . 10 . . 25 2 Failed 11 | . 6 . . . 5 Catastrophic 1 | . . . . . 1 Database Lockouts . | . . . . . . Manual . | . . . . . . Terminals 17 | . 13 . . . 4 Fabricators . | . . . . . . Repair Stations 3 | . 3 . . . . Recycling Units 3 | . . . . . 3 Scanalyzers . | . . . . . . Garrison Access . | . . . . . . Terminal Hacks 32 | . 7 . . 25 . Record 25 | . . . . 25 . Alert Level 1 | . 1 . . . . Unreport Threat 1 | . 1 . . . . Locate Traps 2 | . 2 . . . . Reprogram Traps 1 | . 1 . . . . Hauler Manifests 1 | . 1 . . . . Registered Components 1 | . 1 . . . . Fabricator Hacks . | . . . . . . Repair Station Hacks 3 | . 3 . . . . Scan Component 2 | . 2 . . . . Repair 1 | . 1 . . . . Recycling Unit Hacks 2 | . . . . . 2 Retrieve Matter 1 | . . . . . 1 Retrieve Components 1 | . . . . . 1 Scanalyzer . | . . . . . . Garrison Access Hacks . | . . . . . . Unauthorized Hacks . | . . . . . . Terminals . | . . . . . . Fabricators . | . . . . . . Repair Stations . | . . . . . . Recycling Units . | . . . . . . Scanalyzers . | . . . . . . Garrison Access . | . . . . . . Data Cores Recovered . | . . . . . . Used . | . . . . . . Hacking Detections 8 | . 5 . . . 3 Full Trace Events 5 | . 3 . . . 2 Feedback Events 1 | . 1 . . . . Corruption 1 | . 1 . . . . Feedback Blocked . | . . . . . . Robot Schematics Acquired . | . . . . . . Robots Built . | . . . . . . Authchips . | . . . . . . Time . | . . . . . . Total Robot Build Rating . | . . . . . . Part Schematics Acquired . | . . . . . . Parts Built . | . . . . . . Authchips . | . . . . . . Time . | . . . . . . Total Part Build Rating . | . . . . . . Part Studies Acquired . | . . . . . . Parts Repaired 1 | . 1 . . . . Time 26 | . 26 . . . . Parts Recycled . | . . . . . . Recycled Matter . | . . . . . . Retrieved Matter . | . . . . . . Retrieved Components . | . . . . . . Parts Scanalyzed . | . . . . . . Part Schematics Acquired . | . . . . . . Parts Damaged . | . . . . . . Bothacking | -11 -10 -10 -10 -9 -6 ------------ Run | Yrd Mat Min Sub Scr Fac Used RIF Installer . | . . . . . . Robots Hacked . | . . . . . . Non-combat . | . . . . . . Combat . | . . . . . . Robot Hacks Applied . | . . . . . . Relay Couplers Released . | . . . . . . Fabnet Peak Effective % . | . . . . . . Robots Rewired . | . . . . . . Allies Hacked . | . . . . . . Hacks Repelled . | . . . . . . Allies | -11 -10 -10 -10 -9 -6 -------- Run | Yrd Mat Min Sub Scr Fac Total Allies . | . . . . . . Largest Group . | . . . . . . Highest-Rated Group . | . . . . . . Highest-Rated Ally . | . . . . . . Initial UFD Resources 22 | . . . . . 22 Total Orders . | . . . . . . Ally Attacks . | . . . . . . Total Damage . | . . . . . . Kills . | . . . . . . Allies Corrupted . | . . . . . . Allies Melted . | . . . . . . Intel | -11 -10 -10 -10 -9 -6 ------- Run | Yrd Mat Min Sub Scr Fac Active Infowar (turns) 816 | 41 775 . . . . Seismic 816 | 41 775 . . . . Robot Analysis Total . | . . . . . . Derelict Logs Recovered 2 | . . 1 1 . . Drone Launches . | . . . . . . Drone Recoveries . | . . . . . . Exploration | -11 -10 -10 -10 -9 -6 ------------- Run | Yrd Mat Min Sub Scr Fac Turns Passed 5336 | 160 1546 107 312 2396 815 Spaces Moved 1989 | 88 618 38 130 892 223 Core 37 | 35 . . . . 2 Treads 1741 | 53 618 38 130 892 10 Legs 211 | . . . . . 211 Wheels . | . . . . . . Hover . | . . . . . . Flight . | . . . . . . Fastest Speed 50 | 50 160 240 240 240 190 Average Speed 232 | 134 202 240 240 266 210 Slowest Speed 1500 | 160 320 240 240 320 1500 Overloaded Moves . | . . . . . . Propulsion Burnouts . | . . . . . . Robots Hopped . | . . . . . . Potential Cave-ins . | . . . . . . Cave-ins Triggered . | . . . . . . Exploration Rate (%) 33 | 4 91 11 22 69 5 Regions Visited 5 Branch Regions 3 Pre-discovered Areas 1 | . . . 1 . . Known Exits Taken 4 | . 1 1 1 1 . Unknown Exits Taken 1 | 1 . . . . . Scrap Searched 2 | . . . . 2 . Spaces Dug . | . . . . . . Terrain Destroyed . | . . . . . . Melee . | . . . . . . Projectile . | . . . . . . AOE . | . . . . . . Terrain Rammed . | . . . . . . Walls Destroyed . | . . . . . . Machines Disabled . | . . . . . . Actions | -11 -10 -10 -10 -9 -6 --------- Run | Yrd Mat Min Sub Scr Fac Total 2417 | 110 780 43 131 917 436 Wait 162 | . 32 . . . 130 Move 1984 | 87 617 37 129 891 223 Hop . | . . . . . . Pick Up 45 | 5 20 . 2 14 4 Fast Attach 15 | 6 2 . . . 7 Attach 22 | 1 7 . . . 14 Detach . | . . . . . . Swap 6 | 1 4 . . 1 . Drop 18 | . 5 . . 11 2 Fire 153 | 10 82 6 . . 55 Melee . | . . . . . . Ram 1 | . . . . . 1 Kick . | . . . . . . Crush 11 | . 11 . . . . Escape Stasis . | . . . . . . Rewire . | . . . . . . Trap . | . . . . . . Miscellaneous . | . . . . . . Route ------- -11/Scrapyard -10/Materials (discovered 6 exits: *Mat x3 / *Min x2 / *Sub) -10/Mines -10/Subcaves (discovered 2 exits: [*Mat] / *Scr) -9/Scraptown -6/Factory History --------- Turn | Location | Event 3 | -11/Scrapyard | Discovered new exit (range 15) 161 | -11/Scrapyard | Entered Materials 302 | -10/Materials | Build established: Mutant 388 | -10/Materials | Discovered new exit (range 6) 739 | -10/Materials | Discovered new exit (range 10) 904 | -10/Materials | Discovered new exit (range 7) 1255 | -10/Materials | Discovered new exit (range 14) 1338 | -10/Materials | Identified exit to Materials 1475 | -10/Materials | Core integrity fell below 50% 1519 | -10/Materials | Lost 4 parts (2n2w) 1519 | -10/Materials | Discovered new exit (range 8) 1574 | -10/Materials | Discovered exit to Materials (range 15) 1659 | -10/Materials | Repaired Lgt. Treads 1704 | -10/Materials | Identified exit to Mines 1707 | -10/Materials | Entered Mines 1759 | -10/Mines | Learned Materials terminal intel 1795 | -10/Mines | Discovered new exit (range 10) 1812 | -10/Mines | Identified exit to Subcaves 1814 | -10/Mines | Entered Subcaves 1815 | -10/Subcaves | Approached by a straggling Scientist 1834 | -10/Subcaves | Learned location of Storage (-9) 2040 | -10/Subcaves | Discovered new exit (range 9) 2124 | -10/Subcaves | Identified exit to Scraptown 2126 | -10/Subcaves | Entered Scraptown 2400 | -9/Scraptown | Heard Great Nut preacher, LISTEN AND RECITE! 3043 | -9/Scraptown | Visited UFD Registry 3043 | -9/Scraptown | Registered with UFD as "Gaussdrive" 3108 | -9/Scraptown | Visited Junk Repository 3204 | -9/Scraptown | Visited Derelict Rescue Squad 3244 | -9/Scraptown | Found DRS Beacon 3544 | -9/Scraptown | Visited Supply Room 3660 | -9/Scraptown | Visited Supply Room 3758 | -9/Scraptown | Visited Junk Repository 4145 | -9/Scraptown | Met Optimus 4145 | -9/Scraptown | Accepted into 0bPrime 4503 | -9/Scraptown | Discovered new exit (range 5) 4519 | -9/Scraptown | Identified exit to Factory 4522 | -9/Scraptown | Entered Factory 4522 | -6/Factory | Evolved 8 slots: Power x1, Propulsion x4, Utility x2, Weapon x1 4741 | -6/Factory | Lost 7 parts (1p2n1u3w) 5106 | -6/Factory | Build established: Scavenger-Tank 5322 | -6/Factory | Core integrity fell below 50% 5334 | -6/Factory | Core integrity fell below 20% 5337 | -6/Factory | Destroyed by G-50 Soldier with Heavy Laser Last Messages --------------- 05320_ K-01 Serf collects debris. 05321_ Penetrated by Slug. 05322_ Assault Rifle destroyed. 05322_ Penetrated by Slug. 05323_ M-13 Machinist repairs G-50 Soldier. 05324_ Slammed into G-50 Soldier. 05324_ K-01 Serf collects debris. 05325_ Slug penetrates Assembly Bed. 05325_ Assembly Bed disabled. 05325_ Penetrated by Slug. 05328_ Hvy. Machine Gun destroyed. 05329_ P-60 Hacker resets M-13 Machinist, system corruption cleaned. 05330_ K-01 Serf collects debris. 05331_ Assault Rifle destroyed. 05331_ Penetrated by Slug. 05333_ K-01 Serf collects debris. 05333_ M-13 Machinist repairs H-66 Slayer. 05335_ Penetrated by Slug. 05335_ Slug penetrates Wall. 05335_ Penetrated by Slug. Map ----- +----------------------------------------------------+ | ?????????????????????????????????????????????????? | | ?????????????????????????????????????????????????? | | ?????????????????????????????????????????????????? | | ?????????????????????????????????????????????????? | | ?????????????????????????????????????????????????? | | ?????????????????????????????????????????????????? | | ?????????????????????????????????????????????????? | | ?????????????????????????????????????????????????? | | ?????????????????????????????????????????????????? | | ?????????????????????????????????????????????????? | | ?????????????????????????????????????????????????? | | ?????????????????????????????????????????????????? | | ?????????????????????????????????????????????????? | | ??????????????????##############?????????????????? | | ??????????????????# #?????????????????? | | ??????????????????# #?????????????????? | | ??????????????????# """""" #?????????????????? | | ??????????????????# """""" #?????????????????? | | ??????????????????# """""" #?????????????????? | | ??????????????????# """""" #?????????????????? | | ??????????????????# #?????????????????? | | ??????????????????# """""" #?????????????????? | | ??????????????????# """"""k #?????????????????? | | ??????????????????# """""" #???#?########????? | | ??????????????????# """ "= #???# #????? | | ??????????????????# =@g #???# """ #????? | | ??????????##+##########;mh########## """ #????? | | ????????? ^ h *% # """ #????? | | ????????? p # #????? | | ????????? """ # """ #????? | | ????????? "T" """ # """ #????? | | ????????? " " """ # """ #????? | | ??????????#########+### """ # #????? | | ??????????????????????# #####+####????? | | ??????????????????????# """ """ #????? | | ??????????????????????# """ """ #????? | | ??????????????????????# """ """ #????? | | ??????????????????????# #????? | | ??????????????????????# """ """ &[ #????? | | ??????????????????????# """ """ #####+#####???? | | ??????????????????????# """ """ ## [ #???? | | ??????????????????????# ## """ #???? | | ??????????????????????# """ """ ## ["Y" #???? | | ??????????????????????# """ """ ## ! #???? | | ??????????????????????# """ """ ## #???? | | ?????????############## ## """ #???? | | ?????????# !# """/""" ## """ #???? | | ?????????# """" """" # """ """ ## """ #???? | | ?????????# """" """" # """!""" ## #???? | | ?????????# """" """" # == ###########???? | +----------------------------------------------------+ Best States ------------- Heat Dissipation 37 Energy Generation 29 Energy Capacity 490 Matter Stores 300 Matter Capacity 300 Sight Range 16 Terrain Scan Density 10 Armor Coverage 300 Evasion (%) 50 Recoil Reduction 2 Item Schematics ----------------- None Robot Schematics ------------------ None Fabricated ------------ Nothing Repaired ---------- Lgt. Treads | 38% | -10/Materials Studied --------- None Alien Tech Used ----------------- None Achievements -------------- None Challenges ------------ None Game ------ Seed ReflectiveTerrabombShifter Manual? 0 Play Time 00:21:50 Cumulative 44.0 hours Start 2026.06.22 @ 17:18:58 End 2026.06.22 @ 17:36:30 Sessions 1 Manual Loads 0 Difficulty Rogue Special Mode None Game No. 82 Rogue 82 Adventurer 0 Explorer 0 Win Type - Total 0 Types 0/0/0/0/0/0/0/0/0/0 Lore% 23 Gallery% 23 Achievement% 20 Wizard Run 0 Options --------- Layout 0 ASCII 0 Keyboard 0 Movement Mouse Keybinds 0 Fullscreen 2 Font 24/Smallcaps Map View 76x50 Zoom Use 0% Tactical HUD 1 Map Filters NONE Filters NONE Steam 1 RUN: 90c4307a-e94a-4c9d-80d5-316486b5f10b